MID
PEORIA CHIEFS @ BELOIT SNAPPERS
08/06/2099
 
TOP OF THE 1ST
Peoria Chiefs batting - Pitching for Beloit Snappers : RHP Jose Gomez
Pitching: RHP Jose Gomez
Batting: RHB Matt Carter 0-0: Called Strike
0-1: Ball
1-1: Foul Ball, location: 25FF
1-2: Fly out, F6 (Popup, 6MS, EV 70.0 MPH)
Batting: RHB Roberto Ortiz 0-0: SINGLE (Line Drive, 9LM, EV 105.6 MPH)
Batting: RHB Scott Tetreault 0-0: Ball
1-0: Foul Ball, location: 2F
1-1: Ball
2-1: Foul Ball, location: 2F
2-2: Strikes out looking
Batting: RHB Jose Pineiro 0-0: Fly out, F6 (Popup, 15S, EV 88.8 MPH)
Top of the 1st over - 0 runs, 1 hit, 0 errors, 1 left on base; Peoria 0 - Beloit 0
BOTTOM OF THE 1ST
Beloit Snappers batting - Pitching for Peoria Chiefs : LHP Travis Yeager
Pitching: LHP Travis Yeager
Batting: LHB Craig Svare 0-0: Ball
1-0: Ball
2-0: Foul Ball, location: 25F
2-1: Ground out 4-3 (Groundball, 4D, EV 98.8 MPH)
Batting: LHB Chris Taylor 0-0: Ball
1-0: Ball
2-0: Ball
3-0: Base on Balls
Batting: RHB Justin Hagwood 0-0: Foul Ball, location: 7LSF
0-1: DOUBLE (Groundball, 3L, EV 99.4 MPH)
Chris Taylor to third
Batting: RHB David Salinas 0-0: Called Strike
0-1: Ball
1-1: Foul Ball, location: 5F
1-2: Strikes out looking
Batting: RHB Matt Winston 0-0: Ball
1-0: Fly out, F9 (Flyball, 89M, EV 98.8 MPH)
Bottom of the 1st over - 0 runs, 1 hit, 0 errors, 2 left on base; Peoria 0 - Beloit 0
TOP OF THE 2ND
Peoria Chiefs batting - Pitching for Beloit Snappers : RHP Jose Gomez
Batting: RHB Collin Lund 0-0: Ball
1-0: Ball
2-0: Ground out 5-3 (Groundball, 56, EV 101.3 MPH)
Batting: RHB Jose Romero 0-0: Foul Ball, location: 2F
0-1: Ball
1-1: Swinging Strike
1-2: Ball
2-2: Foul Ball, location: 9LMF
2-2: Strikes out swinging
Batting: RHB Nate Abreu 0-0: Foul Ball, location: 2F
0-1: Ball
1-1: SINGLE (Flyball, 89S, EV 94.4 MPH) - OUT at second base trying to stretch hit.
Top of the 2nd over - 0 runs, 1 hit, 0 errors, 0 left on base; Peoria 0 - Beloit 0
BOTTOM OF THE 2ND
Beloit Snappers batting - Pitching for Peoria Chiefs : LHP Travis Yeager
Batting: SHB Keith Lirette 0-0: Ball
1-0: Called Strike
1-1: Ball
2-1: Ball
3-1: Called Strike
3-2: Foul Ball, location: 9LMF
3-2: Base on Balls
Batting: RHB Curt Lowery 0-0: Called Strike
0-1: Foul Ball, location: 7LSFF
0-2: Ball
Passed Ball!
Keith Lirette to second
1-2: Ball
2-2: Reached on error, E4 (Groundball, 4M, EV 105.6 MPH)
Batting: RHB Josh Lang 0-0: Called Strike
0-1: Ball
1-1: Ground out 5-3 (Groundball, 5S, EV 69.4 MPH)
Keith Lirette to third
Curt Lowery to second
Batting: RHB Chris Makar 0-0: Ball
1-0: SINGLE (Groundball, 56D, EV 102.5 MPH)
Keith Lirette scores
Curt Lowery to third
Runner from 3rd tries for Home, SAFE, throw by LF to home
Batting: LHB Craig Svare 0-0: Foul Ball, location: 5SF
0-1: Ball
1-1: Ball
2-1: Foul Ball, location: 9LDF
2-2: Ball
3-2: Fly out, F7 (Flyball, 7D, EV 110.0 MPH)
Batting: LHB Chris Taylor 0-0: Ball
1-0: Called Strike
1-1: Ball
2-1: Foul Ball, location: 7LDF
2-2: Ground out U3 (Groundball, 3, EV 85.0 MPH)
Bottom of the 2nd over - 2 runs, 1 hit, 1 error, 1 left on base; Peoria 0 - Beloit 2
TOP OF THE 3RD
Peoria Chiefs batting - Pitching for Beloit Snappers : RHP Jose Gomez
Batting: RHB John Bentz 0-0: Called Strike
0-1: Ground out U3 (Groundball, 3S, EV 76.3 MPH)
Batting: RHB Justin Holden 0-0: Called Strike
0-1: Foul Ball, location: 7LMF
0-2: Ball
1-2: Strikes out swinging
Batting: RHB Matt Carter 0-0: Ball
1-0: DOUBLE (Flyball, 8RXD, EV 90.0 MPH)
Batting: RHB Roberto Ortiz 0-0: Foul Ball, location: 9LSF
0-1: Ball
1-1: Ground out 4-3 (Groundball, 4S, EV 88.1 MPH)
Top of the 3rd over - 0 runs, 1 hit, 0 errors, 1 left on base; Peoria 0 - Beloit 2
BOTTOM OF THE 3RD
Beloit Snappers batting - Pitching for Peoria Chiefs : LHP Travis Yeager
Batting: RHB Justin Hagwood 0-0: Swinging Strike
0-1: Called Strike
0-2: Strikes out swinging
Batting: RHB David Salinas 0-0: Ball
1-0: Ground out 3-1 (Groundball, 34S, EV 87.5 MPH)
Batting: RHB Matt Winston 0-0: Ball
1-0: DOUBLE (Line Drive, 7LD, EV 106.9 MPH)
Batting: SHB Keith Lirette 0-0: Fly out, F9 (Flyball, 9S, EV 92.5 MPH)
Bottom of the 3rd over - 0 runs, 1 hit, 0 errors, 1 left on base; Peoria 0 - Beloit 2
TOP OF THE 4TH
Peoria Chiefs batting - Pitching for Beloit Snappers : RHP Jose Gomez
Batting: RHB Scott Tetreault 0-0: Foul Ball, location: 2F
0-1: Foul Ball, location: 2F
0-2: Ball
1-2: Foul Ball, location: 9LSF
1-2: Fly out, F8 (Flyball, 8RD, EV 105.6 MPH)
Batting: RHB Jose Pineiro 0-0: Called Strike
0-1: Ball
1-1: Swinging Strike
1-2: Foul Ball, location: 9LSF
1-2: Foul Ball, location: 3SF
1-2: Ball
2-2: Fly out, F9 (Flyball, 89S, EV 83.1 MPH)
Batting: RHB Collin Lund 0-0: Swinging Strike
0-1: Foul Ball, location: 2F
0-2: Fly out, F4 (Popup, 4S, EV 74.4 MPH)
Top of the 4th over - 0 runs, 0 hits, 0 errors, 0 left on base; Peoria 0 - Beloit 2
BOTTOM OF THE 4TH
Beloit Snappers batting - Pitching for Peoria Chiefs : LHP Travis Yeager
Batting: RHB Curt Lowery 0-0: Foul Ball, location: 5F
0-1: Called Strike
0-2: Ball
1-2: Ground out 4-3 (Groundball, 4, EV 106.3 MPH)
Batting: RHB Josh Lang 0-0: Ball
1-0: Ball
2-0: Foul Ball, location: 25FF
2-1: Ground out 4-3 (Groundball, 4, EV 78.8 MPH)
Batting: RHB Chris Makar 0-0: Foul Ball, location: 5F
0-1: Ball
1-1: Foul Ball, location: 7LSFF
1-2: Ball
2-2: Foul Ball, location: 9LDF
2-2: Ball
3-2: Strikes out swinging
Bottom of the 4th over - 0 runs, 0 hits, 0 errors, 0 left on base; Peoria 0 - Beloit 2
TOP OF THE 5TH
Peoria Chiefs batting - Pitching for Beloit Snappers : RHP Jose Gomez
Batting: RHB Jose Romero 0-0: Called Strike
0-1: Ball
1-1: Fly out, F9 (Flyball, 9, EV 89.4 MPH)
Batting: RHB Nate Abreu 0-0: Ground out 4-3 (Groundball, 4, EV 105.6 MPH)
Batting: RHB John Bentz 0-0: Ball
1-0: Fly out, F8 (Flyball, 8RD, EV 95.6 MPH)
Top of the 5th over - 0 runs, 0 hits, 0 errors, 0 left on base; Peoria 0 - Beloit 2
BOTTOM OF THE 5TH
Beloit Snappers batting - Pitching for Peoria Chiefs : LHP Travis Yeager
Batting: LHB Craig Svare 0-0: Ball
1-0: Called Strike
1-1: Called Strike
1-2: Ball
2-2: Fly out, F7 (Flyball, 78M, EV 87.5 MPH)
Batting: LHB Chris Taylor 0-0: Foul Ball, location: 7LMF
0-1: Swinging Strike
0-2: Foul Ball, location: 2F
0-2: Strikes out swinging
Batting: RHB Justin Hagwood 0-0: Called Strike
0-1: Ball
1-1: Swinging Strike
1-2: Strikes out swinging
Bottom of the 5th over - 0 runs, 0 hits, 0 errors, 0 left on base; Peoria 0 - Beloit 2
TOP OF THE 6TH
Peoria Chiefs batting - Pitching for Beloit Snappers : RHP Jose Gomez
Batting: RHB Justin Holden 0-0: Foul Ball, location: 2F
0-1: Foul Ball, location: 3FF
0-2: Foul Ball, location: 2F
0-2: Ground out 1-3 (Groundball, 34S, EV 70.0 MPH)
Batting: RHB Matt Carter 0-0: Called Strike
0-1: Fly out, F8 (Flyball, 78S, EV 86.9 MPH)
Batting: RHB Roberto Ortiz 0-0: Swinging Strike
0-1: Foul Ball, location: 2F
0-2: Strikes out looking
Top of the 6th over - 0 runs, 0 hits, 0 errors, 0 left on base; Peoria 0 - Beloit 2
BOTTOM OF THE 6TH
Beloit Snappers batting - Pitching for Peoria Chiefs : LHP Travis Yeager
Batting: RHB David Salinas 0-0: Ball
1-0: Foul Ball, location: 2F
1-1: Called Strike
1-2: Ball
2-2: Ball
3-2: Foul Ball, location: 9LMF
3-2: Strikes out looking
Batting: RHB Matt Winston 0-0: Ball
1-0: Ball
2-0: Called Strike
2-1: Swinging Strike
2-2: Strikes out swinging
Batting: SHB Keith Lirette 0-0: SINGLE (Groundball, 6MD, EV 105.6 MPH)
Pitching: RHP Edwin Gutierrez
Batting: RHB Curt Lowery 0-0: Foul Ball, location: 3F
0-1: Ball
1-1: Swinging Strike
1-2: Foul Ball, location: 9LDF
1-2: Foul Ball, location: 2F
1-2: Ball
2-2: Foul Ball, location: 9LDF
2-2: Ball
3-2: Base on Balls
Keith Lirette to second
Batting: RHB Josh Lang 0-0: Ball
1-0: Called Strike
1-1: Fly out, F9 (Flyball, 9S, EV 78.1 MPH)
Bottom of the 6th over - 0 runs, 1 hit, 0 errors, 2 left on base; Peoria 0 - Beloit 2
TOP OF THE 7TH
Peoria Chiefs batting - Pitching for Beloit Snappers : RHP Jose Gomez
Batting: RHB Scott Tetreault 0-0: Called Strike
0-1: Ball
1-1: Foul Ball, location: 3DF
1-2: Foul Ball, location: 5F
1-2: Foul Ball, location: 5SF
1-2: Foul Ball, location: 2F
1-2: Foul Ball, location: 5FF
1-2: Ball
2-2: Ball
3-2: Base on Balls
Batting: RHB Jose Pineiro 0-0: Grounds into double play, 5-4-3 (Groundball, 56, EV 83.1 MPH)
Batting: RHB Collin Lund 0-0: Called Strike
0-1: Ball
1-1: Ball
2-1: Foul Ball, location: 9LSF
2-2: Foul Ball, location: 25F
2-2: Hit by Pitch
Batting: RHB Jose Romero 0-0: Foul Ball, location: 9LSF
0-1: Foul Ball, location: 3F
0-2: Strikes out swinging
Top of the 7th over - 0 runs, 0 hits, 0 errors, 1 left on base; Peoria 0 - Beloit 2
BOTTOM OF THE 7TH
Beloit Snappers batting - Pitching for Peoria Chiefs : RHP Edwin Gutierrez
Pitching: RHP Marco Monje
Batting: RHB Chris Makar 0-0: Fly out, F9 (Line Drive, 9D, EV 96.9 MPH)
Batting: LHB Craig Svare 0-0: Ball
1-0: Swinging Strike
1-1: SINGLE (Line Drive, 78S, EV 85.6 MPH)
Batting: LHB Chris Taylor 0-0: Called Strike
0-1: Foul Ball, location: 9LDF
0-2: Ball
1-2: Strikes out swinging
Batting: RHB Justin Hagwood 0-0: Ball
1-0: SINGLE (Line Drive, 56D, EV 105.0 MPH)
Craig Svare to second
Batting: RHB David Salinas 0-0: Called Strike
0-1: Swinging Strike
0-2: Ball
1-2: Foul Ball, location: 23F
1-2: TRIPLE (Flyball, 89XD, EV 100.0 MPH)
Craig Svare scores
Justin Hagwood scores
Batting: RHB Matt Winston 0-0: Called Strike
0-1: Ball
1-1: Ball
2-1: Ball
3-1: Foul Ball, location: 2F
3-2: Strikes out swinging
Bottom of the 7th over - 2 runs, 3 hits, 0 errors, 1 left on base; Peoria 0 - Beloit 4
TOP OF THE 8TH
Peoria Chiefs batting - Pitching for Beloit Snappers : RHP Jose Gomez
Batting: RHB Nate Abreu 0-0: Swinging Strike
0-1: Foul Ball, location: 2F
0-2: SINGLE (Line Drive, 34D, EV 98.1 MPH)
Batting: RHB John Bentz 0-0: Ball
1-0: Foul Ball, location: 5DF
1-1: Ball
2-1: Called Strike
2-2: Ball
3-2: Base on Balls
Nate Abreu to second
Batting: RHB Justin Holden 0-0: Ball
1-0: Ball
2-0: Swinging Strike
2-1: Foul Ball, location: 23F
2-2: Ball
3-2: Foul Ball, location: 25F
3-2: Foul Ball, location: 23F
3-2: SINGLE (Line Drive, 9LS, EV 104.4 MPH)
Nate Abreu to third
John Bentz to second
Batting: RHB Matt Carter 0-0: Ball
1-0: Ball
2-0: Ball
3-0: Called Strike
3-1: SINGLE (Line Drive, 8LS, EV 103.1 MPH)
Nate Abreu scores
John Bentz to third
Justin Holden to second
Pitching: LHP Josh Murray
Now at 1B: Brett Sarrica
Now in LF: Brian Phillips
Batting: RHB Roberto Ortiz 0-0: Ball
1-0: Foul Ball, location: 5F
1-1: Grounds into fielders choice 4-2 (Groundball, 13, EV 81.9 MPH)
Justin Holden to third
Matt Carter to second
Batting: RHB Scott Tetreault 0-0: Ball
1-0: Ball
2-0: Ball
3-0: Called Strike
3-1: Base on Balls
Justin Holden scores
Matt Carter to third
Roberto Ortiz to second
Batting: RHB Jose Pineiro 0-0: Ball
1-0: Ball
2-0: Fly out, F8 (Flyball, 8RM, EV 85.6 MPH)
Runner from 3rd tags up, SCORES, throw by CF
Batting: RHB Collin Lund 0-0: Swinging Strike
0-1: Swinging Strike
0-2: Ball
1-2: Fielders Choice at 2nd, 6-4 (Groundball, 6, EV 97.5 MPH)
Top of the 8th over - 3 runs, 3 hits, 0 errors, 2 left on base; Peoria 3 - Beloit 4
BOTTOM OF THE 8TH
Beloit Snappers batting - Pitching for Peoria Chiefs : RHP Marco Monje
Batting: SHB Keith Lirette 0-0: Called Strike
0-1: Ball
1-1: Ball
2-1: Foul Ball, location: 7LSFF
2-2: Foul Ball, location: 7LSFF
2-2: Foul Ball, location: 2F
2-2: DOUBLE (Line Drive, 7LM, EV 110.6 MPH)
Batting: RHB Curt Lowery 0-0: Intentional Walk
Pitching: RHP Javy Ybarra
Batting: RHB Josh Lang 0-0: Ball
1-0: Ball
2-0: Called Strike
2-1: SINGLE (Line Drive, 89S, EV 97.5 MPH)
Keith Lirette to third
Curt Lowery to second
Batting: RHB Chris Makar 0-0: SINGLE (Groundball, 6MD, EV 98.8 MPH)
Keith Lirette scores
Curt Lowery to third
Josh Lang to second
Batting: LHB Craig Svare 0-0: Swinging Strike
0-1: Called Strike
0-2: Strikes out looking
Batting: LHB Chris Taylor 0-0: Called Strike
0-1: Ball
1-1: DOUBLE (Line Drive, 7LS, EV 111.9 MPH)
Curt Lowery scores
Josh Lang scores
Chris Makar to third
Runner from 3rd tries for Home, SAFE, no throw by LF
Batting: RHB Brett Sarrica 0-0: Swinging Strike
0-1: SINGLE (Line Drive, 6D, EV 96.9 MPH)
Chris Taylor to third
Batting: RHB David Salinas 0-0: Called Strike
0-1: Fly out, F7 (Flyball, 7S, EV 93.1 MPH)
Batting: LHB Brian Phillips 0-0: Ball
1-0: Ball
2-0: Foul Ball, location: 9LMF
2-1: Foul Ball, location: 2F
2-2: Foul Ball, location: 2F
2-2: DOUBLE (Flyball, 8LXD, EV 98.8 MPH)
Chris Taylor scores
Brett Sarrica to third
Batting: SHB Keith Lirette 0-0: Called Strike
0-1: Foul Ball, location: 2F
0-2: Ground out 4-3 (Groundball, 4, EV 90.6 MPH)
Bottom of the 8th over - 5 runs, 6 hits, 0 errors, 2 left on base; Peoria 3 - Beloit 9
TOP OF THE 9TH
Peoria Chiefs batting - Pitching for Beloit Snappers : LHP Josh Murray
Batting: RHB Jose Romero 0-0: Foul Ball, location: 25FF
0-1: Foul Ball, location: 9LMF
0-2: SOLO HOME RUN (Flyball, 89XD, EV 104.4 MPH), Distance : 393 ft
Batting: RHB Nate Abreu 0-0: Swinging Strike
0-1: Ball
1-1: Swinging Strike
1-2: Ball
2-2: Fly out, F7 (Flyball, 7LS, EV 88.8 MPH)
Batting: RHB John Bentz 0-0: Called Strike
0-1: Ball
1-1: Ball
2-1: Foul Ball, location: 9LSF
2-2: Foul Ball, location: 3F
2-2: Ball
3-2: Foul Ball, location: 25F
3-2: Base on Balls
Batting: RHB Justin Holden 0-0: Ball
1-0: SINGLE (Line Drive, 34D, EV 100.0 MPH)
John Bentz to second
Batting: RHB Matt Carter 0-0: Ball
1-0: Ball
2-0: Ball
3-0: Base on Balls
John Bentz to third
Justin Holden to second
Batting: RHB Roberto Ortiz 0-0: Called Strike
0-1: Foul Ball, location: 2F
0-2: Ball
1-2: Foul Ball, location: 9LMF
1-2: Fly out, F6 (Popup, 15, EV 83.1 MPH)
Pitching: RHP Mario Lausell
Batting: RHB Scott Tetreault 0-0: Foul Ball, location: 9LSF
0-1: Fielders Choice at 2nd, 6-4 (Groundball, 6, EV 101.9 MPH)
Top of the 9th over - 1 run, 2 hits, 0 errors, 3 left on base; Peoria 4 - Beloit 9
Monday, May 13th , 2024 - OOTP Baseball 24.11 Build 85